 Dungeon Crawl Stone Soup version 0.23-a0-704-g7fdf9c5 (webtiles) character file.

3602 Lanoc the Cleaver (level 10, -5/88 HPs)
             Began as a Hill Orc Fighter on Jan 14, 2019.
             Was an Initiate of Beogh.
             Slain by a troll (15 damage)
             ... on level 9 of the Dungeon.
             The game lasted 00:17:37 (6677 turns).

Lanoc the Cleaver (Hill Orc Fighter)                Turns: 6677, Time: 00:17:37

Health: -5/88      AC: 12    Str: 21 (23) XL:     10   Next: 10%
Magic:  10/10      EV: 12    Int:  6 (8)  God:    Beogh [......]
Gold:   246        SH:  5    Dex: 11 (13) Spells: 9/9 levels left

rFire    + . .     SeeInvis .   a - +0 war axe
rCold    . . .     Gourm    .   w - +0 buckler
rNeg     . . .     Faith    .   l - +2 scale mail {rF+}
rPois    .         Spirit   .   (no helmet)
rElec    .         Reflect  .   n - +0 cloak
rCorr    .         Harm     .   v - +0 pair of fencer's gloves {Riposte Dex+3}
MR       .....                  (no boots)
Stlth    ..........             i - amulet of rage
HPRegen  0.24/turn              (no ring)
MPRegen  0.12/turn              (no ring)

@: no status effects
A: no striking features
a: Renounce Religion, Evoke Berserk Rage


You were on level 9 of the Dungeon.
You worshipped Beogh.
Beogh was noncommittal.
You were not hungry.

You visited 2 branches of the dungeon, and saw 10 of its levels.
You also visited: Sewer.

You collected 246 gold pieces.

Inventory:

Hand Weapons
 a - a +0 war axe (weapon)
Missiles
 k - 5 throwing nets (quivered)
Armour
 l - a +2 scale mail of fire resistance (worn)
 n - a +0 cloak (worn)
 v - the +0 pair of fencer's gloves (worn) {Riposte Dex+3}
   (You found it on level 7 of the Dungeon)

   It affects your dexterity (+3).
 w - a +0 buckler (worn)
Jewellery
 i - an amulet of rage (around neck)
Wands
 d - a wand of polymorph (9)
 h - a wand of flame (12)
 t - a wand of acid (3)
 u - a wand of random effects (6)
Scrolls
 c - a scroll of fog {unknown}
 e - a scroll of immolation
 o - 2 scrolls of teleportation
 s - a scroll of enchant weapon {unknown}
 y - a scroll of identify
 z - a scroll of remove curse
Potions
 b - 2 potions of ambrosia
 g - 2 potions of lignification
 j - 4 potions of flight
 q - 4 potions of curing
 r - a potion of resistance
Comestibles
 f - 8 rations
 A - 2 chunks of flesh


   Skills:
 + Level 8.1 Fighting
 * Level 11.3 Axes
 + Level 7.5 Armour
 + Level 5.0 Dodging
 + Level 5.2 Shields


You had 9 spell levels left.
You didn't know any spells.
Your spell library contained the following spells:

 Spells                   Type           Power        Failure   Level  Hunger
 Animate Skeleton         Necr           N/A          77%         1    ##.....
 Apportation              Tloc           #.....       77%         1    ##.....
 Confusing Touch          Hex            #.....       77%         1    ##.....
 Magic Dart               Conj           #...         77%         1    ##.....
 Summon Small Mammal      Summ           #...         77%         1    ##.....
 Blink                    Tloc           N/A          88%         2    ###....
 Call Imp                 Summ           #.......     88%         2    ###....
 Slow                     Hex            #.......     88%         2    ###....
 Conjure Flame            Conj/Fire      #.......     98%         3    ####...
 Mephitic Cloud           Conj/Pois/Air  #.......     98%         3    ####...


Dungeon Overview and Level Annotations

Branches:
Dungeon (9/15)             Temple (1/1) D:6
   Lair: D:8-11         Orc: D:9-12

Altars:
Ashenzari
Cheibriados
Dithmenos
Elyvilon
Fedhas
Gozag
Hepliaklqana
Kikubaaqudgha
Makhleb
Nemelex Xobeh
Okawaru
Qazlal
Ru
Trog
Uskayaw
Vehumet
Wu Jian
Xom
Yredelemnul
Zin
The Shining One


Message History

A troll comes into view.
The troll shouts!
Found an escape hatch in the floor.
You feel yourself slow down. The killer bee misses you. The troll bites you!
* * * LOW HITPOINT WARNING * * *
The troll barely misses you. x2
A bullfrog skeleton comes into view.
The killer bee misses you. The troll bites you but does no damage.
The troll claws you.
* * * LOW HITPOINT WARNING * * *
You block the troll's attack. The killer bee stings you.
* * * LOW HITPOINT WARNING * * *
The bullfrog skeleton hits you.
* * * LOW HITPOINT WARNING * * *
The killer bee closely misses you.
You riposte.
You closely miss the killer bee. You hit the troll.
You barely miss the bullfrog skeleton. The troll bites you!
You die...

#..##.......#
#W.##.......#
..l##.......###
##y##.........
#.##....l..# #
##.##.......# .# ##
.........†.J######.#..#.
.........ll.l..yZ.......
....l.######.lTT@..##^#
....#.# #.......#
......# #.......#
....### #.......# ....#
#......... ....#
######..... ....# .>...
.... ######


You could see 2 trolls, a wyvern, 2 iguanas, a jelly, a killer bee, a leopard
gecko and a bullfrog skeleton.

Vanquished Creatures
  Harold (D:7)
  Prince Ribbit (D:7)
  Eustachio (D:4)
  A hungry ghost (D:8)
  Menkaure (D:6)
  A warg (D:8)
  An ice beast (D:7)
  A sky beast (D:7)
  An orc warrior (D:5)
  An eye of draining (D:7)
  5 ogres
  2 centaurs
  A bullfrog (D:7)
  2 big kobolds
  4 scorpions
  3 killer bees (D:7)
  3 howler monkeys (D:7)
  2 crimson imps
  A bullfrog zombie (D:5)
  An orc wizard (D:5)
  A bullfrog skeleton (D:7)
  2 hounds
  A jelly (D:5)
  Terence (D:3)
  An iguana (D:7)
  3 worker ants
  A killer bee zombie (D:7)
  Robin (D:2)
  10 adders
  A river rat (Sewer)
  3 shadow imps
  An adder skeleton (D:6)
  A worm (D:3)
  3 dart slugs (D:2)
  3 leopard geckos
  7 orcs
  10 bats
  9 giant cockroaches
  12 goblins
  11 hobgoblins
  10 jackals
  7 quokkas
  9 frilled lizards
  14 kobolds
  A leopard gecko skeleton (D:7)
  8 rats
165 creatures vanquished.

Vanquished Creatures (others)
  A warg (D:8)
  An orc wizard (D:8)
2 creatures vanquished.

Grand Total: 167 creatures vanquished

Notes
Turn   | Place    | Note
-------+----------+-------------------------------------------
     0 | D:1      | Lanoc the Hill Orc Fighter began the quest for the Orb.
     0 | D:1      | Reached XP level 1. HP: 19/19 MP: 1/1
   163 | D:1      | Reached skill level 3 in Axes
   167 | D:1      | Reached XP level 2. HP: 15/27 MP: 2/2
   493 | D:2      | Reached XP level 3. HP: 33/33 MP: 3/3
   578 | D:2      | Noticed Robin
   582 | D:2      | Reached skill level 1 in Dodging
   582 | D:2      | Killed Robin
   582 | D:2      | Reached skill level 4 in Axes
   584 | D:2      | Reached XP level 4. HP: 32/40 MP: 4/4
   806 | D:2      | Found a white marble altar of Elyvilon.
  1420 | D:3      | Noticed Terence
  1434 | D:3      | Killed Terence
  1434 | D:3      | Reached XP level 5. HP: 24/47 MP: 5/5
  1485 | D:3      | Noticed an ogre
  1490 | D:3      | Killed an ogre
  1490 | D:3      | Reached skill level 5 in Axes
  1490 | D:3      | Reached XP level 6. HP: 12/53 MP: 6/6
  1948 | D:3      | Found an iron altar of Okawaru.
  1949 | D:3      | Found an ornate altar of the Wu Jian Council.
  2040 | D:3      | Found a sacrificial altar of Ru.
  2347 | D:4      | Found a hide-covered altar of Uskayaw.
  2347 | D:4      | Noticed a +0 hand axe
  2347 | D:4      | Noticed a +0 dagger
  2413 | D:4      | Reached skill level 5 in Fighting
  2423 | D:4      | Reached skill level 6 in Axes
  2551 | D:4      | Found a blossoming altar of Fedhas.
  2676 | D:4      | Found a glowing drain.
  2701 | Sewer    | Entered a sewer
  2705 | Sewer    | Reached XP level 7. HP: 47/61 MP: 7/7
  2860 | Sewer    | Found a white marble altar of Elyvilon.
  2950 | D:4      | Noticed Eustachio
  2980 | D:4      | Killed Eustachio
  2980 | D:4      | Reached skill level 7 in Axes
  2980 | D:4      | Reached skill level 5 in Armour
  3341 | D:4      | Found a basalt altar of Yredelemnul.
  3754 | D:5      | Entered Level 5 of the Dungeon
  3823 | D:5      | Reached XP level 8. HP: 18/70 MP: 8/8
  3828 | D:5      | Found a shimmering altar of Xom.
  4114 | D:5      | Reached skill level 8 in Axes
  4852 | D:6      | Noticed Menkaure
  4859 | D:6      | Killed Menkaure
  4859 | D:6      | Reached skill level 9 in Axes
  5038 | D:6      | Found a staircase to the Ecumenical Temple.
  5042 | Temple   | Entered the Ecumenical Temple
  5279 | D:6      | Found a stormy altar of Qazlal.
  5455 | D:7      | Reached XP level 9. HP: 52/78 MP: 9/9
  5484 | D:7      | Noticed Harold
  5527 | D:7      | Killed Harold
  5527 | D:7      | Reached skill level 10 in Axes
  5530 | D:7      | Found the +0 pair of fencer's gloves {Riposte Dex+3}
  5741 | D:7      | Noticed Prince Ribbit
  6236 | D:7      | Reached skill level 11 in Axes
  6403 | D:7      | Killed Prince Ribbit
  6403 | D:7      | Reached skill level 5 in Shields
  6403 | D:7      | Reached XP level 10. HP: 75/88 MP: 10/10
  6502 | D:8      | Reached skill level 5 in Dodging
  6591 | D:8      | Noticed a two-headed ogre
  6626 | D:8      | Became a worshipper of Beogh the Brigand
  6646 | D:8      | Noticed a two-headed ogre
  6677 | D:9      | Slain by a troll

Vault maps used:
D:1:      dpeg_arrival_leaves_temple_mockup
D:2:      elyvilon_altar_5, first_ration, uniq_robin
D:3:      nicolae_ru_the_path_less_chosen, gammafunk_temple_overflow_statue,
          roderic_roman_lattice, uniq_terence
D:4:      cheibrodos_thug_alley, kennysheep_little_box,
          overflow_temple_1_default, dancing_weapons_uskayaw,
          portal_sewer_entry_f, uniq_crazy_yiuf_cottage, uniq_eustachio
D:5:      marbit_many_paths, kennysheep_cluttered_room, minmay_crossroads
D:6:      grunt_qazlal_sundering, minmay_temple_entry_glassed_door,
          uniq_menkaure
D:7:      minmay_fractal_squares_gapless_5, uniq_prince_ribbit1, uniq_harold
D:8:      erik_lair_orcish_takeover, uniq_erica, uniq_joseph
D:9:      kennysheep_mini, orc_0_dummy, grunt_livestock
Temple:   nicolae_temple_hex_pool
Sewer:    sewer_kobolds

Skill      XL: |  1  2  3  4  5  6  7  8  9 10 |
---------------+-------------------------------+-----
Axes           | 3 4 5 6 7 9 11 | 11.3
Fighting       | 4 5 6 7 8 |  8.1
Dodging        | 1 2 3 4 5 |  5.0
Armour         | 4 5 6 7 |  7.5
Shields        | 5 |  5.2

Action                   |  1- 3 |  4- 6 |  7- 9 | 10-12 || total
-------------------------+-------+-------+-------+-------++-------
Melee: War axe           |    87 |   204 |   378 |    44 ||   713
Throw: Throwing net      |       |       |       |     5 ||     5
Invok: Convert to Beogh  |       |       |       |     1 ||     1
  Use: Scroll            |       |     8 |     5 |       ||    13
       Potion            |       |       |     6 |     3 ||     9
 Stab: Invisible         |       |       |     4 |       ||     4
  Eat: Chunk             |       |     6 |     9 |     2 ||    17
       Ration            |       |       |     1 |     2 ||     3
Armor: Scale mail        |    36 |    88 |   150 |    18 ||   292
Dodge: Dodged            |    26 |    63 |   171 |    28 ||   288
Block: Shield            |    47 |   125 |    78 |       ||   250
       Buckler           |       |       |    41 |    10 ||    51
       Rpst.: War axe    |       |       |    28 |     9 ||    37

Table legend:
 A = Non-vault XP
 B = Vault XP
 C = Vault XP percentage of total XP
 D = Non-vault monster count
 E = Vault monster count
 F = Vault count percentage of total count
                 A         B        C        D         E       F
            +---------+---------+-------+---------+---------+-------
      Total |    2685 |    2461 |  47.8 |     116 |      50 |  30.1
            +---------+---------+-------+---------+---------+-------
        D:1 |      23 |       0 |   0.0 |      15 |       0 |   0.0
        D:2 |      93 |      37 |  28.5 |      29 |      12 |  29.3
        D:3 |     157 |      36 |  18.7 |      17 |       1 |   5.6
        D:4 |     324 |     317 |  49.5 |      11 |      16 |  59.3
        D:5 |     637 |      63 |   9.0 |      13 |       3 |  18.8
        D:6 |     144 |     169 |  54.0 |       5 |       1 |  16.7
        D:7 |    1102 |    1567 |  58.7 |      18 |       8 |  30.8
        D:8 |     192 |     166 |  46.4 |       7 |       2 |  22.2
        D:9 |      13 |       0 |   0.0 |       1 |       0 |   0.0
      Sewer |       0 |     106 | 100.0 |       0 |       7 | 100.0
            +---------+---------+-------+---------+---------+-------
